 Dungeon Crawl Stone Soup version 0.27-a0-1590-g15f69828bf (webtiles) character file.

Game seed: 101627112428680217

16 Zonian the Conjurer (level 2, 0/13 HPs)
             Began as a Vine Stalker Conjurer on July 18, 2021.
             Succumbed to an adder's poison
             ... on level 2 of the Dungeon.
             The game lasted 00:01:05 (1319 turns).

Zonian the Conjurer (Vine Stalker Conjurer)         Turns: 1319, Time: 00:01:06

Health: 0/13       AC:  2    Str:  9    XL:     2   Next: 58%
Magic:  1/6        EV: 12    Int: 18    God:
Gold:   42         SH:  0    Dex: 12    Spells: 2/5 levels left

rFire    . . .     SeeInvis .   (no weapon)
rCold    . . .     Faith    .   (no shield)
rNeg     . . .     Spirit   +   a - +0 robe
rPois    .         Reflect  .   (no helmet)
rElec    .         Harm     .   (no cloak)
rCorr    .         Rampage  .   (no gloves)
Will     .....                  (no boots)
Stlth    ++........             (no amulet)
HPRegen  0.04/turn              (no ring)
MPRegen  0.10/turn              (no ring)

@: brilliant, lethally poisoned (0 -> -6), attractive
A: fangs 2, magic shield, antimagic bite, no potion heal 2
a: no special abilities


You were on level 2 of the Dungeon.
You visited 1 branch of the dungeon, and saw 2 of its levels.

You collected 42 gold pieces.

Inventory:

Armour
 a - a +0 robe (worn)
Jewellery
 d - a ring of see invisible
 f - a +6 ring of intelligence
Scrolls
 e - a scroll of amnesia {unknown}
 g - a scroll of blinking {unknown}


   Skills:
 + Level 1.5 Dodging
 + Level 2.5 Stealth
 + Level 2.2 Spellcasting
 + Level 4.6 Conjurations


You had 2 spell levels left.
You knew the following spells:

 Your Spells              Type           Power      Damage    Failure   Level
a - Magic Dart            Conj           100%       1d8       2%          1
b - Searing Ray           Conj           54%        3d5       4%          2

Your spell library contained the following spells:

 Spells                   Type           Power      Damage    Failure   Level
 Call Imp                 Summ           3%         N/A       26%         2
 Dazzling Flash           Conj/Hex       30%        N/A       21%         3
 Mephitic Cloud           Conj/Pois/Air  11%        N/A       28%         3
 Fulminant Prism          Conj/Hex       7%         3d7       56%         4
 Iskenderun's Mystic Bla  Conj/Tloc      15%        2d5       56%         4


Dungeon Overview and Level Annotations

Branches:
Dungeon (2/15)

Altars:


Innate Abilities, Weirdness & Mutations

You have extremely sharp teeth.
When hurt, damage is shared between your health and your magic reserves.
Your bite disrupts and absorbs the magic of your enemies.
Potions cannot restore your health.


Message History

The magic dart hits the adder.
The adder is severely wounded.
You miscast Magic Dart.
You are very lightly contaminated with residual magic.
Nothing appears to happen.
The adder bites you.
You are poisoned.
The adder poisons you! The adder bites you.
You are too depleted to draw on your mana recklessly!
Unknown command.
Casting: Magic Dart (safe; 2% risk of failure)
Confirm with . or Enter, or press ? or * to list all spells.
You don't have enough magic to cast this spell.
Unknown command.
It was a potion of attraction.
You feel attractive to monsters.
You feel sick. The adder barely misses you.
It was a potion of curing.
Your system rejects the healing.
You feel better. The adder bites you.
* * * LOW HITPOINT WARNING * * *
You closely miss the adder.
The adder is severely wounded.
The adder barely misses you.
You barely miss the adder. You bite the adder, but do no damage.
The adder is severely wounded.
The adder completely misses you. The adder bites you but does no damage.
You miss the adder.
The adder is severely wounded.
The adder bites you.
* * * LOW HITPOINT WARNING * * *
You are lethally poisoned!
The adder poisons you!
You hit the adder but do no damage.
The adder is severely wounded.
* * * LOW HITPOINT WARNING * * *
You feel sick. The adder misses you.
Your magical contamination has completely faded away.
Unknown command.
It was a potion of brilliance.
You feel clever all of a sudden.
You die...

.. ....#...#........# #.##
#.. #.##.........#
#...#####.###.##.#########
##....[.#.##..#......#
.............>....##.#
#..............####.
##.................<..
......########...#####
...#..# ##.@S# ##....#
#..#†...... ...#..#
#.##....... ####.## #.#
....... .....# ##.#
....... #....### ###..#
....... #.#....####...##
..!....
............#####.......
...................


You could see an adder.

Vanquished Creatures
  2 bats
  3 giant cockroaches (D:1)
  2 goblins (D:1)
  3 quokkas (D:1)
  A ball python (D:1)
  A frilled lizard (D:1)
  A kobold (D:1)
  A rat (D:1)
14 creatures vanquished.

Notes
Turn   | Place    | Note
-------+----------+-------------------------------------------
     0 | D:1      | Zonian the Vine Stalker Conjurer began the quest for the
                  | Orb.
     0 | D:1      | Reached XP level 1. HP: 9/9 MP: 4/4
   371 | D:1      | Reached XP level 2. HP: 13/13 MP: 0/6
   536 | D:1      | Learned a level 2 spell: Searing Ray
   876 | D:1      | Found a faded altar of an unknown god.
  1319 | D:2      | Succumbed to an adder's poison

Illustrated notes

Levels and vault maps discovered:
D:1:      lemuel_arrival_room, layout_loops_corners,
          shapermc_ecumenical_altar_acropolis, dk_noncrumbling_2,
          chequers_serial_rivers_room_a, minivault_26, minmay_misc_feat_alley
D:2:      layout_rooms

Action                   || total
-------------------------++-------
Melee: Unarmed           ||    13
       Bite              ||     5
 Cast: Magic Dart        ||    36
  Use: Potion            ||     3
Armor: Robe              ||     4
Dodge: Dodged            ||    13

Table legend: (Time is in decaauts)
 A = Elapsed time spent in this place.
 B = Non-inter-level travel time spent in this place.
 C = Inter-level travel time spent in this place.
 D = Time resting spent in this place.
 E = Time spent auto-exploring this place.
 F = Levels seen in this place.
 G = Mean time per level.
                   A        B        C        D        E       F      G
               +--------+--------+--------+--------+--------+-----+--------+
         Total |   1318 |   1311 |      7 |      0 |   1221 |   2 |  659.0 |
       Dungeon |   1318 |   1311 |      7 |      0 |   1221 |   2 |  659.0 |
               +--------+--------+--------+--------+--------+-----+--------+

Top non-repeatable levels by time:
     D:1: 1257 daAuts
     D:2: 61 daAuts
